 Dungeon Crawl Stone Soup version 0.31-a0-233-g139696dc86 (webtiles) character file.

Game seed: 15633638761648765085

1489 qw the Skirmisher (level 8, -5/63 (70) HPs)
             Began as a Minotaur Hexslinger on July 8, 2023.
             Slain by a wight
             ... wielding a +0 spear
              (9 damage)
             ... on level 6 of the Dungeon.
             The game lasted 00:02:26 (4875 turns).

qw the Skirmisher (Minotaur Hexslinger)             Turns: 4875, Time: 00:02:27

HP:   -5/63 (70)    AC:  6    Str: 14    XL:     8   Next: 51%
MP:   8/8           EV: 11    Int: 10    God:
Gold: 236           SH:  0    Dex: 14    Spells: 8/9 levels left

rFire   . . .        Y - +1 sling
rCold   . . .        (no shield)
rNeg    . . .        j - +0 ring mail
rPois   .            (helmet restricted)
rElec   .            k - +0 cloak
rCorr   .            (no gloves)
SInv    .            (no boots)
Will    .....        f - amulet of regeneration
Stlth   +            (no ring)
HPRegen 1.10/turn    (no ring)
MPRegen 0.11/turn

%: no passive effects
@: heavily drained
A: horns 2, retaliatory headbutt
a: no special abilities


You were on level 6 of the Dungeon.
You visited 2 branches of the dungeon, and saw 7 of its levels.

You collected 236 gold pieces.


Innate Abilities, Weirdness & Mutations

You have a pair of horns on your head.
You reflexively headbutt those who attack you in melee.


   Skills:
 - Level 6.0 Fighting
 + Level 9.8 Ranged Weapons
 - Level 3.2 Armour
 - Level 3.0 Dodging
 - Level 1.0 Spellcasting
 - Level 2.0 Hexes


You had 8 spell levels left.
You knew the following spells:

 Your Spells              Type           Power      Damage    Failure   Level
a - Slow                  Hex            16%        N/A       30%         1

Your spell library contained the following spells:

 Spells                   Type           Power      Damage    Failure   Level
 Inner Flame              Hex/Fire       2%         N/A       80%         3
 Portal Projectile        Hex/Tloc       4%         N/A       80%         3
 Cause Fear               Hex            2%         N/A       96%         4

Inventory:

Hand Weapons
 Y - a +1 sling (weapon)
Armour
 j - a +0 ring mail (worn)
 k - a +0 cloak (worn)
Jewellery
 f - an amulet of regeneration (around neck)
Scrolls
 a - a scroll of identify
Potions
 b - 2 potions of curing
 c - 2 potions of brilliance {unknown}
 d - a potion of haste

Dungeon Overview and Level Annotations

Branches:
Dungeon (6/15)             Temple (1/1) D:4

Altars:
Ashenzari
Dithmenos
Elyvilon
Gozag
Makhleb
Nemelex Xobeh
Qazlal
Sif Muna
Trog
Vehumet
Wu Jian
Yredelemnul
Zin
The Shining One

Annotations:
D:3 exclusion: orc


Message History

The wight hits you from afar with a +0 spear.
You feel drained.
You shoot a sling bullet.
The sling bullet hits the wight but does no damage.
The wight is moderately damaged.
The wight hits you with a +3 battleaxe!
You feel drained. The wight barely misses you.
You shoot a sling bullet. The sling bullet hits the wight!
The wight is severely damaged.
The wight closely misses you. The wight barely misses you.
You shoot a sling bullet.
The sling bullet completely misses the wight.
The wight hits you with a +3 battleaxe!
The wight hits you from afar with a +0 spear.
You shoot a sling bullet. The sling bullet hits the wight!
You destroy the wight!
The wight closely misses you.
You shoot a sling bullet.
The sling bullet barely misses the wight.
The wight hits you from afar with a +0 spear!
You feel drained.
You shoot a sling bullet.
The sling bullet barely misses the wight.
The wight misses you.
You shoot a sling bullet.
The sling bullet hits the wight but does no damage.
The wight barely misses you.
You shoot a sling bullet.
The sling bullet barely misses the wight.
The wight hits you from afar with a +0 spear.
You feel drained.
You shoot a sling bullet. The sling bullet hits the wight.
The wight is lightly damaged.
The wight hits you from afar with a +0 spear.
You feel drained.
You shoot a sling bullet.
The sling bullet hits the wight but does no damage.
The wight is lightly damaged.
The wight hits you from afar with a +0 spear!
You die...

.'.....#......'.......#
#.....##.....#.......#####
###....#.....##.....#............
..#....#....%.#.....#............
..#....#......'.....#............
..#....#####'########.%..........
..#..................####'#######
..#..................#.....#
..#...........z.@....#.....#
..#.............)....#######
###....##'####.............#
.......#.....#.............#
.......#.....#.............#
.......#.....#.............#
.......#.....#.............#
###....#.....#.............#
#....#.....#.............#


You could see a wight.

Vanquished Creatures
  Menkaure (D:6)
  2 water moccasins
  An ice beast (D:5)
  An ogre (D:5)
  A phantom (D:5)
  A bullfrog (D:5)
  2 wights (D:6)
  A howler monkey (D:6)
  3 orc priests
  3 jellies
  3 hounds
  Natasha (thrice) (D:3)
  3 iguanas
  4 gnolls (D:5)
  12 adders
  A shadow imp (D:3)
  A white imp (D:6)
  2 ufetubi
  2 worms
  2 dart slugs (D:4)
  19 orcs
  5 endoplasms
  4 giant cockroaches
  9 goblins
  13 hobgoblins
  11 kobolds
  11 ball pythons
  5 bats
  3 frilled lizards
  10 rats
139 creatures vanquished.

Notes
Turn   | Place    | Note
-------+----------+-------------------------------------------
     0 | D:1      | qw the Minotaur Hexslinger began the quest for the Orb.
     0 | D:1      | Reached XP level 1. HP: 16/16 MP: 1/1
     0 | D:1      | 0 ||| qw: Version: 0.3-a-46-gb1f654a
     0 | D:1      | 0 ||| qw: Game counter: 3435
     0 | D:1      | 0 ||| qw: Melee chars always use a shield: true
     0 | D:1      | 0 ||| qw: God list: Okawaru
     0 | D:1      | 0 ||| qw: Allow faded altars: false
     0 | D:1      | 0 ||| qw: Do Orc after clearing Dungeon:15 true
     0 | D:1      | 0 ||| qw: Do second Lair branch before Depths: true
     0 | D:1      | 0 ||| qw: Lair rune preference: random
     0 | D:1      | 0 ||| qw: Goals: Normal
     0 | D:1      | 0 ||| PLANNING D:1-11
   141 | D:1      | Reached skill level 3 in Ranged Weapons
   141 | D:1      | Reached XP level 2. HP: 23/23 MP: 2/2
   564 | D:1      | 564 ||| UPGRADING to amulet of regeneration.
   569 | D:1      | 569 ||| READING 2 scrolls labelled TEDGHE QICULUDGH.
   570 | D:1      | 570 ||| READING scroll labelled GAETOTI FAAFAOKK.
   575 | D:1      | 575 ||| DROPPING scroll of poison.
   615 | D:2      | Reached XP level 3. HP: 29/29 MP: 3/3
   753 | D:2      | Reached skill level 4 in Ranged Weapons
   907 | D:2      | Found a faded altar of an unknown god.
   947 | D:2      | 947 ||| UPGRADING to +0 ring mail.
   957 | D:2      | 957 ||| DROPPING +0 robe.
   958 | D:2      | 958 ||| READING 4 scrolls labelled CEREDA XEJEIDU.
   959 | D:2      | 959 ||| READING scroll labelled PEYCSUSK VEOCA.
   960 | D:2      | 960 ||| READING scroll labelled UBO TEIRHUPAKH.
   961 | D:2      | 961 ||| READING scroll labelled SEMMOA HERUNAI.
  1062 | D:2      | 1062 ||| READING 3 scrolls of identify.
  1062 | D:2      | 1062 ||| IDENTIFYING ruby potion
  1063 | D:2      | 1063 ||| READING 2 scrolls of identify.
  1063 | D:2      | 1063 ||| IDENTIFYING red potion
  1064 | D:2      | 1064 ||| DROPPING 3 scrolls of noise.
  1077 | D:3      | 1077 ||| STAIRDANCE
  1087 | D:3      | 1087 ||| STAIRDANCE
  1097 | D:3      | 1097 ||| STAIRDANCE
  1106 | D:3      | 1106 ||| STAIRDANCE
  1174 | D:3      | 1174 ||| FLEEEEING.
  1180 | D:3      | 1180 ||| FLEEEEING.
  1181 | D:3      | 1181 ||| FLEEEEING.
  1186 | D:3      | Reached skill level 1 in Armour
  1189 | D:3      | 1189 ||| FLEEEEING.
  1190 | D:3      | 1190 ||| FLEEEEING.
  1191 | D:3      | 1191 ||| FLEEEEING.
  1193 | D:3      | 1193 ||| FLEEEEING.
  1194 | D:3      | 1194 ||| FLEEEEING.
  1206 | D:3      | Reached XP level 4. HP: 28/36 MP: 4/4
  1262 | D:3      | Reached skill level 5 in Ranged Weapons
  1277 | D:3      | 1277 ||| FLEEEEING.
  1278 | D:3      | 1278 ||| FLEEEEING.
  1279 | D:3      | 1279 ||| FLEEEEING.
  1316 | D:3      | Found a stormy altar of Qazlal.
  1383 | D:3      | Noticed Natasha
  1392 | D:3      | Killed Natasha
  1393 | D:3      | Reached skill level 3 in Fighting
  1393 | D:3      | Reached XP level 5. HP: 21/45 MP: 5/5
  1479 | D:3      | Noticed Natasha
  1487 | D:3      | Killed Natasha
  1982 | D:3      | Noticed Natasha
  1992 | D:3      | Killed Natasha
  2176 | D:3      | 2176 ||| READING scroll labelled IDUF LEQOR.
  2177 | D:3      | 2177 ||| READING 2 scrolls of identify.
  2177 | D:3      | 2177 ||| IDENTIFYING glowing red potion
  2213 | D:4      | Reached skill level 6 in Ranged Weapons
  2253 | D:4      | Noticed a water moccasin
  2261 | D:4      | HP: 7/45 [water moccasin (5)]
  2262 | D:4      | 2262 ||| DRINKING potion of heal wounds.
  2264 | D:4      | Killed a water moccasin
  2265 | D:4      | Reached XP level 6. HP: 22/53 MP: 6/6
  2425 | D:4      | Found a staircase to the Ecumenical Temple.
  2426 | D:4      | 2426 ||| PLANNING TEMPLE
  2426 | D:4      | 2426 ||| STAIRDANCE
  2449 | Temple   | Entered the Ecumenical Temple
  2602 | Temple   | 2602 ||| PLANNING D:1-11
  3053 | D:5      | Entered Level 5 of the Dungeon
  3076 | D:5      | Noticed an ice beast
  3083 | D:5      | HP: 2/53 [ice beast (14)]
  3084 | D:5      | 3084 ||| READING scroll of teleportation.
  3151 | D:5      | Killed an ice beast
  3152 | D:5      | Reached skill level 7 in Ranged Weapons
  3152 | D:5      | Reached XP level 7. HP: 33/60 MP: 7/7
  3442 | D:5      | Reached skill level 8 in Ranged Weapons
  4220 | D:5      | Reached skill level 9 in Ranged Weapons
  4220 | D:5      | Reached XP level 8. HP: 68/68 MP: 8/8
  4289 | D:5      | 4289 ||| UPGRADING to +0 cloak.
  4294 | D:5      | 4294 ||| READING scroll labelled IRUNTO CUOFE.
  4295 | D:5      | 4295 ||| DRINKING 2 cyan potions.
  4296 | D:5      | 4296 ||| READING 3 scrolls of identify.
  4296 | D:5      | 4296 ||| IDENTIFYING green potion
  4297 | D:5      | 4297 ||| READING 2 scrolls of identify.
  4297 | D:5      | 4297 ||| IDENTIFYING fizzy dark potion
  4298 | D:5      | 4298 ||| DROPPING potion of degeneration.
  4299 | D:5      | 4299 ||| DROPPING potion of lignification.
  4300 | D:5      | 4300 ||| DROPPING potion of attraction.
  4349 | D:6      | Noticed Menkaure
  4357 | D:6      | HP: 12/68 [??? (9)]
  4358 | D:6      | 4358 ||| READING scroll of teleportation.
  4359 | D:6      | 4359 ||| DRINKING potion of heal wounds.
  4360 | D:6      | Killed Menkaure
  4361 | D:6      | Reached skill level 3 in Armour
  4422 | D:6      | Reached skill level 6 in Fighting
  4565 | D:6      | Found a bloodstained altar of Trog.
  4709 | D:6      | Reached skill level 3 in Dodging
  4868 | D:6      | HP: 13/65 [wight/+0 spear (5)]
  4873 | D:6      | HP: 9/65 [wight/+0 spear (2)]
  4874 | D:6      | HP: 4/64 [wight/+0 spear (6)]
  4875 | D:6      | Slain by a wight

Levels and vault maps discovered:
D:1:      co_arrival_square_in_a_square_in_a_square, layout_loops_ring
D:2:      layout_rooms, shapermc_ecumenical_altar_acropolis
D:3:      minmay_diamond_boxcup, layout_basic, mainiacjoe_overflow_24_doors,
          bh_walls_and_bars, uniq_natasha
D:4:      layout_loops_ring, minmay_temple_entry_stoned_glass
D:5:      corexii_shantytown, layout_cave_pods, supply_closet_lemuel
D:6:      layout_gridville, kennysheep_little_box, uniq_menkaure
Temple:   chequers_temple_sunken

Skill      XL: |  1  2  3  4  5  6  7  8 |
---------------+-------------------------+-----
Ranged Weapons | 3 4 5 6 7 9 |  9.8
Fighting       | 2 3 4 5 6 |  6.0
Armour         | 1 3 |  3.2
Dodging        | 3 |  3.0
Spellcasting   | |  1.0
Hexes          | |  2.0

Action                     |  1- 3 |  4- 6 |  7- 9 || total
---------------------------+-------+-------+-------++-------
   Fire: Sling             |   107 |   229 |   254 ||   590
    Use: Scroll            |     8 |     3 |     4 ||    15
         Potion            |       |     1 |     2 ||     3
 Armour: Robe              |     5 |       |       ||     5
         Ring mail         |     2 |    46 |    42 ||    90
  Dodge: Dodged            |    24 |    84 |    98 ||   206

Table legend:
 A = Non-vault XP
 B = Vault XP
 C = Vault XP percentage of total XP
 D = Non-vault monster count
 E = Vault monster count
 F = Vault count percentage of total count
                 A         B        C        D         E       F
            +---------+---------+-------+---------+---------+-------
      Total |    1809 |     319 |  15.0 |     100 |      39 |  28.1
            +---------+---------+-------+---------+---------+-------
        D:1 |      31 |       0 |   0.0 |      21 |       0 |   0.0
        D:2 |      50 |       0 |   0.0 |       9 |       0 |   0.0
        D:3 |     197 |      46 |  18.9 |      28 |       9 |  24.3
        D:4 |     301 |       0 |   0.0 |      16 |       0 |   0.0
        D:5 |     707 |     108 |  13.3 |      14 |      29 |  67.4
        D:6 |     523 |     165 |  24.0 |      12 |       1 |   7.7
            +---------+---------+-------+---------+---------+-------
